 Dungeon Crawl Stone Soup version 0.21.0-3-g78d12a8bdd (webtiles) character file.

373 Merkolit the Digger (level 6, -5/36 HPs)
             Began as an Octopode Earth Elementalist on Jan 11, 2018.
             Slain by an orc warrior
             ... wielding a +0 dire flail
              (13 damage)
             ... on level 3 of the Dungeon.
             The game lasted 00:11:47 (3649 turns).

Merkolit the Digger (Octopode Earth Elementalist)   Turns: 3649, Time: 00:11:48

Health: -5/36      AC:  1    Str:  8    XL:     6   Next: 71%
Magic:  12/12      EV: 13    Int: 19    God:
Gold:   234        SH:  0    Dex: 12    Spells: 4/13 levels left

rFire    . . .     SeeInvis .   i - -1 dagger (curse)
rCold    . . .     Gourm    .   (no shield)
rNeg     . . .     Faith    .   (helmet restricted)
rPois    .         Spirit   .   (no amulet)
rElec    .         Reflect  .   (no ring)
rCorr    .         Harm     .   (no ring)
MR       .....                  (no ring)
Stlth    +++.......             (no ring)
HPRegen  0.12/turn              (no ring)
MPRegen  0.13/turn              (no ring)
                                (no ring)
                                (no ring)

@: no status effects
A: almost no armour, stealthy swim, amphibious, 8 rings, constrict 8, camouflage
1, gelatinous body 1
a: no special abilities


You were on level 3 of the Dungeon.
You were not hungry.

You visited 1 branch of the dungeon, and saw 4 of its levels.

You collected 234 gold pieces.

Inventory:

Hand Weapons
 a - a +0 short sword
 i - a cursed -1 dagger (weapon)
Missiles
 b - 76 stones (quivered)
Jewellery
 k - an uncursed amulet of the gourmand {unknown}
 s - an uncursed ring of see invisible {unknown}
 v - a cursed -3 ring of protection {unknown}
Wands
 x - a wand of paralysis (10)
Scrolls
 e - 2 scrolls of teleportation {unknown}
 f - a scroll of amnesia {unknown}
 j - 4 scrolls of identify {unknown}
 m - 2 scrolls of random uselessness {unknown}
 n - 2 scrolls of immolation {unknown}
 p - a scroll of remove curse {unknown}
 r - a scroll of noise {unknown}
 u - a scroll of enchant weapon {unknown}
Potions
 g - a potion of lignification {unknown}
 l - a potion of magic {unknown}
 o - a potion of mutation {unknown}
 q - a potion of might {unknown}
 t - a potion of brilliance {unknown}
 w - 3 potions of curing {unknown}
 z - a potion of degeneration {unknown}
Books
 d - a book of Geomancy

   Spells                             Type                      Level
   a - Sandblast                      Earth                        1
   b - Passwall                       Transmutation/Earth          2
   c - Stone Arrow                    Conjuration/Earth            3
   d - Petrify                        Transmutation/Earth          4
   e - Lee's Rapid Deconstruction     Earth                        5
Comestibles
 c - 4 rations


   Skills:
 - Level 2.0 Dodging
 - Level 2.6 Stealth
 - Level 4.0 Spellcasting
 + Level 3.1 Conjurations
   Level 1.0 Transmutations
 * Level 5.1 Earth Magic


You had 4 spell levels left.
You knew the following spells:

 Your Spells              Type           Power        Failure   Level  Hunger
a - Sandblast             Erth           ###...       1%          1    None
b - Stone Arrow           Conj/Erth      ###...       8%          3    ###....
e - Lee's Rapid Deconstr  Erth           ###.......   43%         5    ######.


Dungeon Overview and Level Annotations

Branches:
Dungeon (4/15)
 Temple: D:4-7

Altars:
Fedhas
Sif Muna
Yredelemnul


Innate Abilities, Weirdness & Mutations

You cannot wear most types of armour.
You are very stealthy in the water. (Stealth+)
You are amphibious.
You can wear up to eight rings at the same time.
You can use your tentacles to constrict eight enemies at once.
Your skin changes colour to match your surroundings (Stealth+).
Your rubbery body absorbs attacks. (AC +1, EV +1)


Message History

The blast of sand hits the hound skeleton.
You destroy the hound skeleton!
b - 76 stones An orc warrior comes into view.
It is wielding a dire flail.
Casting: Sandblast
Confirm with . or Enter, or press ? or * to list all spells.
Aiming: Sandblast
Press: ? - help, Shift-Dir - straight line, f/p - orc priest
Aim: an orc priest, wielding a hand axe and wearing a leather armour
Okay, then.
An orc comes into view. It is wielding a club.
An orc comes into view.
The orc priest looks satisfied for a moment.
There is a stone staircase leading up here.
The orc warrior hits you with a dire flail!
* * * LOW HITPOINT WARNING * * *
You climb upwards.
There is a stone staircase leading down here.
The orc warrior hits you with a dire flail!
You die...

...# ########..############
...# #...............# ...#
#####...............# #.##
#...................#
#.#####...................#
#.#........[..............#
#.#.......................#
#.#.............o.#########
#.#.............@.#
#.#.........)###'##
#.############ #[# ..# #.#
### #######[# #.....).#
#.####### #.# #.#


You could see an orc warrior.

Vanquished Creatures
  The ghost of Merkolit the Digger, an amateur GrEE (D:3)
  A centaur skeleton (D:3)
  2 orc wizards (D:3)
  Natasha (D:2)
  A worker ant (D:3)
  A hound skeleton (D:4)
  5 adders (D:2)
  An ooze (D:3)
  2 dart slugs (D:1)
  3 leopard geckos
  3 orcs (D:3)
  2 giant cockroaches
  8 goblins
  9 hobgoblins
  4 jackals (D:2)
  3 ball pythons
  11 bats
  A frilled lizard (D:3)
  5 kobolds
  5 rats
69 creatures vanquished.

Notes
Turn   | Place    | Note
-------+----------+-------------------------------------------
     0 | D:1      | Merkolit the Octopode Earth Elementalist began the quest for the Orb.
     0 | D:1      | Reached XP level 1. HP: 11/11 MP: 3/3
   247 | D:1      | Reached XP level 2. HP: 9/17 MP: 1/5
  1066 | D:2      | Reached XP level 3. HP: 21/21 MP: 2/7
  1085 | D:2      | Learned a level 3 spell: Stone Arrow
  1328 | D:2      | Found a blossoming altar of Fedhas.
  1369 | D:2      | Found a basalt altar of Yredelemnul.
  1499 | D:2      | Reached XP level 4. HP: 27/27 MP: 6/8
  1641 | D:2      | Found a deep blue altar of Sif Muna.
  1673 | D:2      | Reached skill level 1 in Conjurations
  1673 | D:2      | Reached skill level 4 in Earth Magic
  1870 | D:2      | Noticed Natasha
  1879 | D:2      | Killed Natasha
  1976 | D:2      | Reached XP level 5. HP: 25/31 MP: 9/9
  1987 | D:2      | Learned a level 5 spell: Lee's Rapid Deconstruction
  2408 | D:3      | Noticed Merkolit's ghost (amateur GrEE)
  2760 | D:3      | Reached XP level 6. HP: 26/36 MP: 11/11
  2905 | D:3      | Killed Merkolit's ghost
  3306 | D:3      | Reached skill level 5 in Earth Magic
  3636 | D:4      | Noticed an orc warrior
  3649 | D:3      | Slain by an orc warrior

Skill      XL: |  1  2  3  4  5  6 |
---------------+-------------------+-----
Spellcasting   | 3 4 |  4.0
Conjurations   | 1 2 3 |  3.1
Earth Magic    | 4 5 |  5.1
Dodging        | |  2.0
Stealth        | |  2.6
Transmutations | |  1.0

Action                   |  1- 3 |  4- 6 || total
-------------------------+-------+-------++-------
Melee: Dagger            |    32 |    79 ||   111
       Constrict         |    10 |    21 ||    31
       Tentacles         |     6 |    12 ||    18
       Short sword       |     1 |       ||     1
 Cast: Sandblast         |    21 |    38 ||    59
 Stab: Sleeping          |     4 |     6 ||    10
  Eat: Chunk             |     2 |     7 ||     9
Armor: Skin              |    10 |     8 ||    18
Dodge: Dodged            |    27 |    57 ||    84
